 Dungeon Crawl Stone Soup version 0.25-a0-62-g88673ef095 (webtiles) character file.

Game seed: 3253133837177127404, levelgen mode: deterministic

4447 qwery3021x the Basher (level 10, 0/89 (90) HPs)
             Began as a Minotaur Berserker on Oct 21, 2019.
             Was a High Priest of Trog.
             Succumbed to a killer bee's poison
             ... on level 9 of the Dungeon on Oct 31, 2019.
             The game lasted 01:31:08 (10015 turns).

qwery3021x the Basher (Minotaur Berserker)         Turns: 10015, Time: 01:31:09

HP:   0/89 (90)     AC: 11    Str: 23    XL:     10   Next: 15%
MP:   9/9           EV: 11    Int:  4    God:    Trog [*****.]
Gold: 233           SH:  0    Dex: 12    Spells: 9/9 levels left

rFire    . . .     SeeInvis .   h - +1 morningstar (holy)
rCold    . . .     Gourm    .   (no shield)
rNeg     + . .     Faith    .   p - +0 chain mail
rPois    .         Spirit   .   (helmet restricted)
rElec    .         Reflect  .   (no cloak)
rCorr    .         Harm     .   (no gloves)
MR       .....                  (no boots)
Stlth    ..........             (no amulet)
HPRegen  0.24/turn              B - ring of positive energy
MPRegen  0.11/turn              L - ring of flight

@: lethally poisoned (0 -> -11), berserk cooldown, slowed, very slow
A: retaliatory headbutt, horns 2
a: Berserk, Trog's Hand, Brothers in Arms, Renounce Religion, Evoke Flight


You were on level 9 of the Dungeon.
You worshipped Trog.
Trog was extremely pleased with you.
You were hungry.

You visited 2 branches of the dungeon, and saw 10 of its levels.

You collected 349 gold pieces.
You spent 116 gold pieces at shops.

Inventory:

Hand Weapons
 a - a +0 trident
 h - a +1 morningstar of holy wrath (weapon)
 v - a cursed +2 mace
 J - a +0 short sword
Missiles
 j - 3 boomerangs (quivered)
 z - 10 stones
Armour
 g - a +0 robe
 i - a +0 chain mail
 n - a +0 ring mail
 p - a +0 chain mail (worn)
 u - a +0 scale mail
 P - a +0 robe
Jewellery
 l - a +3 ring of protection {unknown}
 B - a ring of positive energy (left hand)
 D - a cursed -4 ring of protection {unknown}
 K - an uncursed ring of ice
 L - a ring of flight (right hand)
 O - an uncursed amulet of the gourmand {unknown}
Wands
 b - a wand of paralysis (10)
 C - a wand of acid (16)
 F - a wand of flame (13)
 G - a wand of digging (4)
 I - a wand of iceblast (16)
 Q - a wand of polymorph (5)
 R - a wand of disintegration (12)
Scrolls
 d - a scroll of immolation {unknown}
 k - 3 scrolls of teleportation {unknown}
 m - 8 scrolls of identify {unknown}
 o - 2 scrolls of enchant weapon {unknown}
 q - a scroll of fog {unknown}
 s - a scroll of fear {unknown}
 w - 2 scrolls of enchant armour {unknown}
 x - 2 scrolls of random uselessness {unknown}
 y - a scroll of remove curse {unknown}
 H - a scroll of magic mapping {unknown}
 N - a scroll of amnesia {unknown}
Potions
 e - a potion of degeneration {unknown}
 f - 3 potions of haste {unknown}
 r - 3 potions of ambrosia {unknown}
 t - 2 potions of heal wounds {unknown}
 A - 5 potions of curing {unknown}
 E - 2 potions of lignification {unknown}
 M - 3 potions of cancellation {unknown}
 T - 2 potions of flight {unknown}
 W - a potion of might {unknown}
 Y - 2 potions of magic {unknown}
 Z - a potion of brilliance {unknown}
Comestibles
 c - 7 rations


   Skills:
 + Level 8.5 Fighting
   Level 5.2 Long Blades
 + Level 10.8 Maces & Flails
 + Level 9.1 Armour
 + Level 5.8 Dodging
 + Level 1.9 Stealth


You had 9 spell levels left.
You didn't know any spells.
Your spell library contained the following spells:

 Spells                   Type           Power        Failure   Level  Hunger
 Corona                   Hex            #......      98%         1    ##.....
 Sting                    Conj/Pois      #...         98%         1    ##.....
 Poisonous Vapours        Pois/Air       #.....       99%         2    ###....
 Slow                     Hex            #.......     99%         2    ###....
 Inner Flame              Hex/Fire       #.......     100%        3    ####...
 Mephitic Cloud           Conj/Pois/Air  #.......     100%        3    ####...
 Portal Projectile        Hex/Tloc       #.....       100%        3    ####...
 Cause Fear               Hex            #.........   100%        4    #####..
 Leda's Liquefaction      Hex/Erth       #.........   100%        4    #####..
 Olgreb's Toxic Radiance  Pois           #.......     100%        4    #####..
 Bolt of Magma            Conj/Fire/Erth #.........   100%        5    ######.
 Iskenderun's Battlesphe  Conj/Chrm      #.......     100%        5    ######.
 Venom Bolt               Conj/Pois      #.........   100%        5    ######.
 Iron Shot                Conj/Erth      #.........   100%        6    #######
 Orb of Destruction       Conj           #.........   100%        7    #######
 Spellforged Servitor     Conj/Summ      #.........   100%        7    #######


Dungeon Overview and Level Annotations

Branches:
Dungeon (9/15)             Temple (1/1) D:4
   Lair: D:8-11         Orc: D:9-12

Altars:
Ashenzari
Cheibriados
Dithmenos
Elyvilon
Fedhas
Gozag
Hepliaklqana
Kikubaaqudgha
Makhleb
Nemelex Xobeh
Okawaru
Qazlal
Ru
Sif Muna
Trog
Uskayaw
Vehumet
Wu Jian
Xom
Yredelemnul
Zin
The Shining One

Shops:
D:7 (


Innate Abilities, Weirdness & Mutations

You reflexively headbutt those who attack you in melee.
You have a pair of horns on your head.


Message History

You hear a shout!
You closely miss the howler monkey. You headbutt the howler monkey!
The howler monkey is severely wounded.
* * * LOW HITPOINT WARNING * * *
You feel very sick.
The howler monkey hoots and howls with incredible vigour!
You closely miss the howler monkey.
The howler monkey is severely wounded.
* * * LOW HITPOINT WARNING * * *
You feel sick. The howler monkey misses you.
The howler monkey barely misses you.
You sock the howler monkey!
You kill the howler monkey!
Trog accepts your kill.
* * * LOW HITPOINT WARNING * * *
You feel sick.
A shadow imp comes into view.
The jackal bites you but does no damage.
You closely miss the jackal. Your headbutt misses the jackal.
You die...

# #.##########
...........#
..(...5...h####
..........hh@.#
.......<>.o##.#
........)..#
..#
.......}...#
#...
...........#
###.
...........# #
#####....###
#..#### ...


You could see 2 howler monkeys, a shadow imp, an orc and a jackal.

Vanquished Creatures
  The ghost of dvd2 the Cudgeler, a novice DsMo of Cheibriados (D:8)
  Prince Ribbit (D:7)
  Grinder (D:5)
  Sigmund (D:4)
  A wyvern (D:8)
  A hungry ghost (D:3)
  Edmund (D:5)
  2 orc warriors
  A necrophage (D:8)
  An ogre (D:4)
  A phantom (D:5)
  A centaur (D:7)
  5 bullfrogs
  A water moccasin skeleton (D:8)
  10 killer bees
  10 wights
  A howler monkey (D:9)
  A bullfrog zombie (D:6)
  6 crimson imps
  2 orc priests
  A hound (D:6)
  Crazy Yiuf (D:4)
  3 centaur skeletons
  A jelly (D:8)
  4 orc wizards
  A bullfrog skeleton (D:5)
  3 iguanas
  Ijyb (D:4)
  Natasha (thrice) (D:4)
  5 worker ants
  A hound zombie (D:6)
  A howler monkey skeleton (D:5)
  3 gnolls (D:6)
  9 adders
  2 shadow imps
  An ooze (D:4)
  An adder zombie (D:6)
  An adder skeleton (D:8)
  7 worms
  2 leopard geckos
  29 orcs
  6 bats
  9 giant cockroaches
  7 goblins
  3 hobgoblins
  3 jackals
  8 kobolds
  7 quokkas
  3 ball pythons
  3 frilled lizards
  2 leopard gecko skeletons
  6 rats
186 creatures vanquished.

Vanquished Creatures (others)
  A sky beast (D:5)
1 creature vanquished.

Grand Total: 187 creatures vanquished

Notes
Turn   | Place    | Note
-------+----------+-------------------------------------------
     0 | D:1      | qwery3021x the Minotaur Berserker began the quest for the
                  | Orb.
     0 | D:1      | Reached XP level 1. HP: 19/19 MP: 0/0
   106 | D:1      | Reached skill level 4 in Maces & Flails
   106 | D:1      | Reached XP level 2. HP: 24/27 MP: 1/1
   134 | D:1      | You fall into a shaft and drop 1 floor!
   410 | D:2      | Found a shimmering blue altar of Sif Muna.
   567 | D:2      | Reached XP level 3. HP: 33/33 MP: 2/2
   746 | D:2      | Reached ** piety under Trog
   869 | D:2      | Reached XP level 4. HP: 35/41 MP: 3/3
  1192 | D:2      | Found an ornate altar of the Wu Jian Council.
  1781 | D:3      | Reached skill level 5 in Maces & Flails
  1786 | D:3      | Found a hazy altar of Hepliaklqana.
  1787 | D:3      | Found a sacrificial altar of Ru.
  1791 | D:3      | Found a hide-covered altar of Uskayaw.
  2009 | D:3      | Noticed a hungry ghost
  2022 | D:3      | Killed a hungry ghost
  2022 | D:3      | Reached skill level 5 in Fighting
  2022 | D:3      | Reached XP level 5. HP: 43/48 MP: 4/4
  2143 | D:3      | Reached XP level 6. HP: 56/56 MP: 5/5
  2396 | D:4      | Noticed Sigmund
  2434 | D:4      | Killed Sigmund
  2434 | D:4      | Reached skill level 6 in Maces & Flails
  2458 | D:4      | Reached *** piety under Trog
  2458 | D:4      | Reached skill level 5 in Armour
  2488 | D:4      | Noticed Natasha
  2492 | D:4      | Reached XP level 7. HP: 14/61 MP: 6/6
  2498 | D:4      | Killed Natasha
  2501 | D:4      | Noticed Natasha
  2506 | D:4      | Killed Natasha
  2506 | D:4      | Reached skill level 7 in Maces & Flails
  2819 | D:4      | Upgraded the game from 0.25-a0-41-g6cf4ce537d to
                  | 0.25-a0-42-g6c54e25894
  2993 | D:4      | Found a staircase to the Ecumenical Temple.
  3003 | Temple   | Entered the Ecumenical Temple
  3329 | D:4      | Found a runed translucent door.
  3330 | D:4      | Noticed Crazy Yiuf
  3336 | D:4      | Killed Crazy Yiuf
  3445 | D:4      | Noticed Natasha
  3458 | D:4      | Killed Natasha
  3461 | D:4      | Noticed Ijyb
  3469 | D:4      | Killed Ijyb
  4080 | D:5      | Entered Level 5 of the Dungeon
  4108 | D:5      | Noticed Grinder
  4117 | D:5      | Paralysed by Grinder for 5 turns
  4125 | D:5      | Killed Grinder
  4125 | D:5      | Reached skill level 1 in Stealth
  4253 | D:5      | Reached skill level 8 in Maces & Flails
  4253 | D:5      | Reached XP level 8. HP: 70/70 MP: 7/7
  4311 | D:5      | Got a transparent dagger
  4392 | D:5      | Noticed Edmund
  4407 | D:5      | Killed Edmund
  4616 | D:5      | Found a shimmering blue altar of Sif Muna.
  4784 | D:5      | Found a radiant altar of Vehumet.
  5407 | D:6      | Reached skill level 9 in Maces & Flails
  5810 | D:6      | Reached skill level 5 in Dodging
  5932 | D:6      | Reached **** piety under Trog
  5998 | D:6      | Found a blossoming altar of Fedhas.
  6025 | D:6      | Upgraded the game from 0.25-a0-42-g6c54e25894 to
                  | 0.25-a0-50-gf0389da217
  6216 | D:6      | Reached XP level 9. HP: 74/78 MP: 8/8
  6356 | D:6      | Reached skill level 1 in Long Blades
  6380 | D:6      | Found a glowing silver altar of Zin.
  6892 | D:7      | Noticed Prince Ribbit
  6902 | D:7      | Killed Prince Ribbit
  7168 | D:7      | Found a shattered altar of Ashenzari.
  7526 | D:7      | Found Taururut's Antique Weapon Shoppe.
  7531 | D:7      | Bought a morningstar for 116 gold pieces
  8382 | D:7      | Reached skill level 5 in Long Blades
  8852 | D:8      | Reached skill level 10 in Maces & Flails
  8880 | D:8      | Upgraded the game from 0.25-a0-50-gf0389da217 to
                  | 0.25-a0-62-g88673ef095
  9125 | D:8      | Found a large runed translucent door.
  9126 | D:8      | Found a large runed translucent door.
  9128 | D:8      | Noticed dvd2's ghost (novice DsMo)
  9142 | D:8      | Killed dvd2's ghost
  9260 | D:8      | Reached XP level 10. HP: 72/87 MP: 9/9
  9287 | D:8      | Found an iron altar of Okawaru.
  9668 | D:8      | Found a bloodstained altar of Trog.
  9685 | D:8      | Found a shadowy altar of Dithmenos.
  9689 | D:8      | Found a shattered altar of Ashenzari.
  9698 | D:8      | Found a stormy altar of Qazlal.
  9699 | D:8      | Found a snail-covered altar of Cheibriados.
  9762 | D:8      | Reached ***** piety under Trog
 10013 | D:9      | HP: 4/89 [poisoned by a killer bee]
 10015 | D:9      | Succumbed to a killer bee's poison

Levels and vault maps discovered:
D:1:      dpeg_arrival_line_fractal, layout_loops_ring
D:2:      wander_river, layout_basic, nicolae_overflow_crystal_walls,
          nicolae_overflow_hidden_temple, first_ration, glass_columns_a
D:3:      layout_basic, chequers_temple_overflow_statue_of_worship
D:4:      layout_basic, minmay_temple_entry_large_hall, minmay_distorted,
          uniq_crazy_yiuf_cottage, uniq_natasha, uniq_sigmund, uniq_ijyb
D:5:      layout_loops_ring, fiery_altar_vehumet, lemuel_blue_sif_altar,
          uniq_edmund, uniq_grinder
D:6:      layout_basic, basic_altar, fedhas_altar_4
D:7:      layout_gridville, serial_shops, kennysheep_little_box,
          nicolae_ashenzari_panopticon, uniq_prince_ribbit1
D:8:      layout_rooms, kennysheep_mini_moat, grunt_temple_overflow_open,
          ebering_ghost_disaster_area
D:9:      layout_roguey, kennysheep_mini, erik_lair_island, serial_shops, shop,
          basic_altar
Temple:   kb_temple_of_zot

Skill      XL: |  1  2  3  4  5  6  7  8  9 10 |
---------------+-------------------------------+-----
Maces & Flails | 4 5 6 8 9 10 | 10.8
Fighting       | 4 5 6 8 |  8.5
Armour         | 4 5 6 7 8 9 |  9.1
Dodging        | 3 4 5 |  5.8
Stealth        | 1 |  1.9
Long Blades    | 5 |  5.2

Action                   |  1- 3 |  4- 6 |  7- 9 | 10-12 || total
-------------------------+-------+-------+-------+-------++-------
Melee: Mace              |    54 |    97 |    89 |       ||   240
       Headbutt          |    10 |    11 |    62 |    14 ||    97
       Rapier            |     1 |       |       |       ||     1
       Flail             |       |       |    75 |       ||    75
       Falchion          |       |       |    61 |       ||    61
       Morningstar       |       |       |    49 |    50 ||    99
Invok: Berserk           |     1 |     2 |     7 |     3 ||    13
  Eat: Chunk             |       |     6 |    14 |     5 ||    25
       Ration            |       |     2 |     3 |       ||     5
Armor: Animal skin       |     4 |       |       |       ||     4
       Chain mail        |    16 |     6 |    47 |    42 ||   111
       Ring mail         |       |    43 |    13 |       ||    56
       Leather armour    |       |       |    23 |       ||    23
Dodge: Dodged            |    31 |    93 |   202 |    52 ||   378
       Rpst.: Falchion   |       |       |    16 |       ||    16

Table legend:
 A = Non-vault XP
 B = Vault XP
 C = Vault XP percentage of total XP
 D = Non-vault monster count
 E = Vault monster count
 F = Vault count percentage of total count
                 A         B        C        D         E       F
            +---------+---------+-------+---------+---------+-------
      Total |    4513 |    1841 |  29.0 |     175 |      11 |   5.9
            +---------+---------+-------+---------+---------+-------
        D:1 |      13 |       0 |   0.0 |       7 |       0 |   0.0
        D:2 |     107 |       0 |   0.0 |      24 |       0 |   0.0
        D:3 |     274 |       0 |   0.0 |      24 |       0 |   0.0
        D:4 |     397 |     359 |  47.5 |      21 |       7 |  25.0
        D:5 |     385 |     433 |  52.9 |       8 |       2 |  20.0
        D:6 |    1028 |       0 |   0.0 |      43 |       0 |   0.0
        D:7 |     914 |     286 |  23.8 |      17 |       1 |   5.6
        D:8 |    1031 |     763 |  42.5 |      24 |       1 |   4.0
        D:9 |     364 |       0 |   0.0 |       7 |       0 |   0.0
            +---------+---------+-------+---------+---------+-------
